 Dungeon Crawl Stone Soup version 0.16-a0-2296-gdce89d5 (webtiles) character file.

166 bullock the Conjurer (level 5, -1/28 HPs)
             Began as a Gargoyle Wizard on Nov 16, 2014.
             Slain by a hippogriff (4 damage)
             ... on level 4 of the Dungeon.
             The game lasted 00:09:03 (3013 turns).

bullock the Conjurer (Gargoyle Wizard)              Turns: 3013, Time: 00:09:03

Health: -1/28      AC:  6    Str:  9    XL:     5   Next: 47%
Magic:  4/12       EV: 11    Int: 19    God:
Gold:   150        SH:  5    Dex:  8    Spells: 5 memorised, 0 levels left

rFire  . . .     SeeInvis .     x - +4 dagger (freeze)
rCold  . . .     Clarity  .     i - +0 robe (curse)
rNeg   + . .     SustAb   .     l - +2 buckler
rPois  +         Gourm    .     b - +0 hat
rElec  +         Spirit   .     (no cloak)
rCorr  .         Warding  .     (no gloves)
rMut   +         Stasis   .     (no boots)
MR     .....                    w - amulet of resist mutation
Stlth  ++........               (no ring)
                                r - -2 ring of strength (curse)

@: repel missiles, not resistant to hostile enchantments, unstealthy
A: negative energy resistance 1, electricity resistance, unbreathing,
petrification resistance, rot immunity, AC +4
a: no special abilities


You were on level 4 of the Dungeon.
You were near starving.

You visited 1 branch of the dungeon, and saw 4 of its levels.

You collected 150 gold pieces.

Inventory:

Hand weapons
 x - a +4 dagger of freezing (weapon)
Armour
 b - a +0 hat (worn)
 i - a cursed +0 robe (worn)
 l - a +2 buckler (worn)
Jewellery
 r - a cursed -2 ring of strength (left hand)
 w - an amulet of resist mutation (around neck)
Magical devices
 j - a wand of polymorph (9)
Scrolls
 e - 2 scrolls of random uselessness {unknown}
 g - a scroll of amnesia {unknown}
 m - 2 scrolls of enchant weapon {unknown}
 y - a scroll of immolation {unknown}
 z - 4 scrolls of identify {unknown}
 A - 3 scrolls of remove curse {unknown}
 B - a scroll of teleportation {unknown}
Potions
 a - a potion of invisibility {unknown}
 h - a potion of agility {unknown}
 k - 2 potions of mutation {unknown}
 n - a potion of cancellation {unknown}
 o - a potion of confusion {unknown}
 q - 4 potions of curing {unknown}
 t - a potion of restore abilities {unknown}
 u - a potion of heal wounds {unknown}
Books
 c - a book of Minor Magic

   Spells                             Type                      Level
   *Magic Dart                        Conjuration                  1
   *Blink                             Translocation                2
   Call Imp                           Summoning                    2
   *Repel Missiles                    Charms/Air                   2
   Slow                               Hexes                        2
   *Conjure Flame                     Conjuration/Fire             3
   *Mephitic Cloud                    Conjuration/Poison/Air       3
Comestibles
 d - 2 bread rations
 f - 2 fruits
 p - a slice of pizza
 s - 3 beef jerkies
 v - a meat ration


   Skills:
 - Level 1.5 Dodging
 - Level 2.1 Stealth
 - Level 1.0 Shields
 + Level 3.9 Spellcasting
 * Level 4.1 Conjurations
   Level 0.8 Summonings
 * Level 1.6 Translocations


You couldn't memorise any spells.
You knew the following spells:

 Your Spells              Type           Power        Failure   Level  Hunger
a - Magic Dart            Conj           ###.         2%          1    None
b - Mephitic Cloud        Conj/Pois/Air  #.......     28%         3    ###....
f - Conjure Flame         Conj/Fire      ##......     17%         3    ###....
q - Blink                 Tloc           N/A          12%         2    ##.....
v - Repel Missiles        Chrm/Air       #.....       24%         2    ##.....


Dungeon Overview and Level Annotations

Branches:
Dungeon (4/15)
 Temple: D:4-7

Altars:
Okawaru


Innate Abilities, Weirdness & Mutations

You are resistant to torment.
You are immune to poison.
Your stone body is very resilient (AC +4).
You resist negative energy.
You are resistant to electric shocks.
You can survive without breathing.
You are immune to petrification.
You are immune to rotting.


Message History

Casting: Magic Dart
Confirm with . or Enter, or press ? or * to list all spells.
You blink.
Found a scroll labeled PUBYUWNI XURCHAG.
Casting: Blink
Confirm with . or Enter, or press ? or * to list all spells.
Aiming: Magic Dart
Press: ? - help, Shift-Dir - straight line, f/p - hippogriff
Aim: a hippogriff (almost dead)
The magic dart hits the hippogriff.
The hippogriff is almost dead.
Casting: Magic Dart
Confirm with . or Enter, or press ? or * to list all spells.
Aiming: Magic Dart
Press: ? - help, Shift-Dir - straight line, f/p - hippogriff
Aim: a hippogriff (almost dead)
The magic dart hits the hippogriff.
The hippogriff is almost dead.
The hippogriff bites you.
You die...

...# ..?.. ......
.........
.........
.........#
..........##
.........H@#
...........##
#............##..
#.......ยง.......#
#..............##
.............##
...%.#####...#
..... ##..# ...
#..


You could see a hippogriff.

Vanquished Creatures
  Natasha (thrice) (D:3)
  A gnoll (D:2)
  4 adders (D:3)
  2 worms
  2 giant geckos
  An ooze (D:1)
  3 orcs (D:2)
  5 bats
  4 giant cockroaches
  9 hobgoblins
  2 jackals (D:2)
  8 kobolds
  A quokka (D:2)
  2 ball pythons
  7 giant newts
  12 goblins
  6 rats
72 creatures vanquished.

Notes
Turn   | Place    | Note
--------------------------------------------------------------
     0 | D:1      | bullock, the Gargoyle Wizard, began the quest for the Orb.
     0 | D:1      | Reached XP level 1. HP: 10/10 MP: 4/4
   310 | D:1      | Reached XP level 2. HP: 15/15 MP: 4/6
   314 | D:1      | Learned a level 2 spell: Blink
   317 | D:1      | Learned a level 2 spell: Repel Missiles
   792 | D:1      | Reached XP level 3. HP: 16/19 MP: 5/8
   797 | D:1      | Learned a level 3 spell: Conjure Flame
  1419 | D:2      | Found an iron altar of Okawaru.
  1432 | D:2      | Reached XP level 4. HP: 24/24 MP: 1/9
  1993 | D:2      | Reached skill level 1 in Translocations
  2208 | D:3      | Noticed Natasha
  2220 | D:3      | Killed Natasha
  2309 | D:3      | Noticed Natasha
  2312 | D:3      | Killed Natasha
  2312 | D:3      | Reached XP level 5. HP: 28/28 MP: 8/12
  2326 | D:3      | Learned a level 3 spell: Mephitic Cloud
  2434 | D:3      | Reached skill level 4 in Conjurations
  2613 | D:3      | Noticed Natasha
  2618 | D:3      | Killed Natasha
  2694 | D:3      | Reached skill level 1 in Shields
  3000 | D:4      | Noticed a hippogriff
  3013 | D:4      | Slain by a hippogriff

Action                   |  1- 3 |  4- 6 || total
-------------------------+-------+-------++-------
Melee: Club              |     7 |       ||     7
       Dagger            |    38 |    39 ||    77
 Cast: Magic Dart        |    73 |    86 ||   159
       Repel Missiles    |     2 |     2 ||     4
       Conjure Flame     |     1 |       ||     1
       Blink             |       |     1 ||     1
 Stab: Sleeping          |     1 |       ||     1
  Eat: Chunk             |     1 |     4 ||     5
